 Dungeon Crawl Stone Soup version 0.30-a0-718-geaa24f58ff (webtiles) character file.

Game seed: 6623836763019290646

39 mandarbmax the Shooter (level 3, 0/26 (27) HPs)
             Began as a Formicid Hunter on Jan 26, 2023.
             Slain by an adder (1 damage)
             ... on level 2 of the Dungeon.
             The game lasted 00:01:34 (835 turns).

mandarbmax the Shooter (Formicid Hunter)             Turns: 835, Time: 00:01:34

HP:   0/26 (27)     AC:  3    Str: 14 (15) XL:     3   Next: 70%
MP:   3/3           EV: 12    Int:  5 (8)  God:
Gold: 23            SH:  0    Dex: 16 (19) Spells: 2/2 levels left

rFire   . . .      SeeInvis +    a - +0 shortbow
rCold   . . .      Faith    .    (no shield)
rNeg    . . .      Spirit   .    c - +0 leather armour
rPois   .          Reflect  .    (helmet unavailable)
rElec   .          Harm     .    (no cloak)
rCorr   .          Rampage  .    (no gloves)
Will    .....                    (no boots)
Stlth   ++                       (no amulet)
HPRegen 0.24/turn                (no ring)
MPRegen 0.08/turn                (no ring)

@: lethally poisoned (0 -> -3), lightly drained
A: permanent stasis, dig shafts and tunnels, antennae 3, four strong arms
a: Dig, Shaft Self


You were on level 2 of the Dungeon.
You visited 1 branch of the dungeon, and saw 2 of its levels.

You collected 23 gold pieces.

Inventory:

Hand Weapons
 a - a +0 shortbow (weapon)
Armour
 c - a +0 leather armour (worn)
Scrolls
 b - a scroll of immolation
 d - a scroll of poison {unknown}
 j - a scroll of identify {unknown}
 k - a scroll of amnesia
 l - a scroll of teleportation
Potions
 h - a potion of ambrosia {unknown}
 i - a potion of flight {unknown}


   Skills:
 - Level 2.1 Fighting
 + Level 5.2 Ranged Weapons
 - Level 1.7 Dodging
 - Level 1.2 Stealth


You had 2 spell levels left.
You didn't know any spells.
Your spell library was empty.

Dungeon Overview and Level Annotations

Branches:
Dungeon (2/15)

Altars:


Innate Abilities, Weirdness & Mutations

You cannot be hasted, slowed, berserked, paralysed or teleported.
You can dig through walls and to a lower floor.
You have a pair of large antennae on your head. (SInv)
Your four strong arms can wield two-handed weapons with a shield.


Message History

Fire: a) +0 shortbow
Press: ? - help, Q - select action, (/) - cycle Shift-Dir - straight line, f/p - adder
Aim: an adder (almost dead, 48% to hit)
You shoot an arrow. The arrow misses the adder.
The adder bites you. The quokka barely misses you. The adder barely misses you.
The adder closely misses you. The quokka bites you.
* * * LOW HITPOINT WARNING * * *
The adder barely misses you.
Fire: a) +0 shortbow
Press: ? - help, Q - select action, (/) - cycle Shift-Dir - straight line, f/p - adder
Aim: an adder (almost dead, 48% to hit)
You shoot an arrow. The arrow closely misses the adder.
The adder misses you. The quokka barely misses you.
The adder bites you but does no damage. The adder barely misses you.
It was a potion of degeneration.
There was something very wrong with that liquid.
You feel weakened.
You feel dopey.
You feel clumsy. The quokka closely misses you.
The adder bites you but does no damage. The adder closely misses you.
Okay, then.
Okay, then.
You retract your mandibles.
You extend your mandibles.
You dig through the rock wall.
You feel drained. The adder attacks as you move away!
The adder closely misses you. The quokka attacks as you move away!
The quokka closely misses you. The adder bites you but does no damage.
You retract your mandibles.
The adder attacks as you move away! The adder bites you.
* * * LOW HITPOINT WARNING * * *
It was a potion of cancellation.
You feel magically purged. The adder bites you.
* * * LOW HITPOINT WARNING * * *
You are lethally poisoned!
The adder poisons you! The adder closely misses you.
It was a potion of berserk rage.
Your stasis prevents you from going berserk.
* * * LOW HITPOINT WARNING * * *
You feel sick. The adder bites you.
You die...

#.......#......+
#.......#......#
##......#......#
#.............
#.............
##.....r.......
#..............
#.....S##...(..
#.....#@......#
#######.......+
......).#
#........#
#........#
##.......#
#........
#........


You could see an adder.

Vanquished Creatures
  3 ball pythons (D:1)
  3 endoplasms (D:1)
  4 giant cockroaches (D:1)
  A goblin (D:1)
  4 hobgoblins
  7 jackals (D:1)
  A quokka (D:1)
  3 bats (D:1)
  3 kobolds
  2 rats (D:1)
31 creatures vanquished.

Notes
Turn   | Place    | Note
-------+----------+-------------------------------------------
     0 | D:1      | mandarbmax the Formicid Hunter began the quest for the Orb.
     0 | D:1      | Reached XP level 1. HP: 16/16 MP: 1/1
   100 | D:1      | Reached XP level 2. HP: 16/22 MP: 2/2
   345 | D:1      | Found Hiukoarr's Antique Weapon Shoppe.
   409 | D:1      | Reached XP level 3. HP: 27/27 MP: 3/3
   426 | D:1      | Reached skill level 5 in Ranged Weapons
   835 | D:2      | HP: 1/26 [poisoned by an adder]
   835 | D:2      | Slain by an adder

Illustrated notes

Levels and vault maps discovered:
D:1:      psy_arrival_whirlpool, layout_loops_ring, serial_shops, shop,
          minmay_strange_pillars, chequers_serial_rivers_large_a
D:2:      layout_basic, corexii_hall_statues_l, glass_columns_a

Skill      XL: |  1  2  3 |
---------------+----------+-----
Ranged Weapons | 5 |  5.2
Fighting       | |  2.1
Dodging        | |  1.7
Stealth        | |  1.2

Action                     || total
---------------------------++-------
   Fire: Shortbow          ||    79
Ability: Dig               ||     3
    Use: Potion            ||     3
         Scroll            ||     2
 Armour: Leather armour    ||     8
  Dodge: Dodged            ||    43

Table legend: (Time is in decaauts)
 A = Elapsed time spent in this place.
 B = Non-inter-level travel time spent in this place.
 C = Inter-level travel time spent in this place.
 D = Time resting spent in this place.
 E = Time spent auto-exploring this place.
 F = Levels seen in this place.
 G = Mean time per level.
                   A        B        C        D        E       F      G
               +--------+--------+--------+--------+--------+-----+--------+
         Total |    862 |    840 |     22 |      0 |    680 |   2 |  431.0 |
       Dungeon |    862 |    840 |     22 |      0 |    680 |   2 |  431.0 |
               +--------+--------+--------+--------+--------+-----+--------+

Top non-repeatable levels by time:
     D:1: 776 daAuts
     D:2: 85 daAuts
